 Dungeon Crawl Stone Soup version 0.21.1-1-g345015f (webtiles) character file.

393 tognito the Cleaver (level 6, 0/51 HPs)
             Began as a Minotaur Berserker on Mar 28, 2018.
             Was a Priest of Trog.
             Slain by a worker ant (6 damage)
             ... on level 4 of the Dungeon.
             The game lasted 00:05:54 (2443 turns).

tognito the Cleaver (Minotaur Berserker)            Turns: 2443, Time: 00:05:55

Health: 0/51       AC:  8    Str: 24    XL:     6   Next: 51%
Magic:  5/5        EV:  8    Int:  4    God:    Trog [***...]
Gold:   198        SH:  0    Dex:  9    Spells: 5/5 levels left

rFire    . . .     SeeInvis .   a - +0 hand axe
rCold    . . .     Gourm    .   (no shield)
rNeg     . . .     Faith    .   g - +0 chain mail
rPois    .         Spirit   .   (helmet restricted)
rElec    .         Reflect  .   (no cloak)
rCorr    .         Harm     .   (no gloves)
MR       .....                  (no boots)
Stlth    ..........             (no amulet)
HPRegen  0.17/turn              (no ring)
MPRegen  0.09/turn              (no ring)

@: no status effects
A: retaliatory headbutt, horns 2
a: Berserk, Trog's Hand, Burn Spellbooks, Renounce Religion


You were on level 4 of the Dungeon.
You worshipped Trog.
Trog was most pleased with you.
You were not hungry.

You visited 1 branch of the dungeon, and saw 4 of its levels.

You collected 198 gold pieces.

Inventory:

Hand Weapons
 a - a +0 hand axe (weapon)
Armour
 g - a +0 chain mail (worn)
Scrolls
 b - 7 scrolls of identify {unknown}
 d - a scroll of fear {unknown}
 e - 3 scrolls of fog {unknown}
 f - a scroll of enchant weapon {unknown}
 h - a scroll of immolation {unknown}
 i - 3 scrolls of remove curse {unknown}
 j - a scroll of teleportation {unknown}
 k - a scroll of amnesia {unknown}
 m - a scroll of enchant armour {unknown}
Potions
 o - a potion of invisibility
Comestibles
 c - 12 rations


   Skills:
 - Level 3.6 Fighting
 + Level 9.0 Axes
 - Level 2.4 Armour
 - Level 2.1 Dodging


You had 5 spell levels left.
You didn't know any spells.

Dungeon Overview and Level Annotations

Branches:
Dungeon (4/15)
 Temple: D:4-7

Altars:


Innate Abilities, Weirdness & Mutations

You reflexively headbutt those who attack you in melee.
You have a pair of horns on your head.


Message History

The ogre is lightly wounded.
You barely miss the ogre.
The ogre is lightly wounded.
The ogre hits you with a giant club!!
Ouch! That really hurt!
You slash the ogre!
The ogre is moderately wounded.
The ogre hits you with a giant club!
* * * LOW HITPOINT WARNING * * *
You barely miss the ogre.
The ogre is moderately wounded.
Okay, then.
Okay, then.
The worker ant waves its antennae.
The ogre barely misses you.
Things that are here:
a dagger; a robe You see here a whip.
The worker ant bites you.
You die...

###.#.#######
#.......## ###......###
#..........# ##
#........(.# ..
#.##........# .#
...........#.# #.#
#...####...##)#####.#
##. #..))O.a@....### .#
# #...##)####..#.. ..
#.#.##.# #..#.# ..#
#.#.##.# #..#.# ...
#.#....# #..#.# ####.#
.....######..#.###<...#
. ............[.....###
#..######..#.###..#
#..#.###..#


You could see an ogre and a worker ant.

Vanquished Creatures
  A phantom (D:4)
  An orc priest (D:4)
  A hound (D:3)
  2 orc wizards
  A worker ant (D:4)
  5 gnolls
  2 adders
  2 worms (D:3)
  An adder skeleton (D:4)
  5 dart slugs
  A leopard gecko (D:1)
  6 orcs
  4 giant cockroaches
  6 goblins
  9 hobgoblins
  9 kobolds
  3 quokkas
  A ball python (D:2)
  7 bats
  4 frilled lizards
  11 rats
82 creatures vanquished.

Notes
Turn   | Place    | Note
-------+----------+-------------------------------------------
     0 | D:1      | tognito the Minotaur Berserker began the quest for the Orb.
     0 | D:1      | Reached XP level 1. HP: 19/19 MP: 0/0
   123 | D:1      | Reached skill level 4 in Axes
   146 | D:1      | Reached XP level 2. HP: 25/26 MP: 1/1
   322 | D:1      | Reached skill level 5 in Axes
   401 | D:1      | Reached XP level 3. HP: 31/31 MP: 2/2
   499 | D:2      | Reached ** piety under Trog
   972 | D:3      | Reached skill level 6 in Axes
   972 | D:3      | Reached XP level 4. HP: 39/39 MP: 3/3
   986 | D:3      | Reached skill level 7 in Axes
   986 | D:3      | Reached XP level 5. HP: 38/45 MP: 4/4
  1546 | D:3      | You fall through a shaft!
  2133 | D:4      | Noticed a phantom
  2182 | D:4      | Reached skill level 8 in Axes
  2184 | D:4      | Killed a phantom
  2184 | D:4      | Reached *** piety under Trog
  2184 | D:4      | Reached XP level 6. HP: 22/51 MP: 5/5
  2416 | D:4      | Reached skill level 9 in Axes
  2419 | D:4      | HP: 2/51 [ogre/giant club (15)]
  2443 | D:4      | Slain by a worker ant

Skill      XL: |  1  2  3  4  5  6 |
---------------+-------------------+-----
Axes           | 4 5 6 7 8 9 |  9.0
Fighting       | |  3.6
Armour         | |  2.4
Dodging        | |  2.1

Action                   |  1- 3 |  4- 6 || total
-------------------------+-------+-------++-------
Melee: Hand axe          |    85 |    96 ||   181
       Headbutt          |    15 |    18 ||    33
Invok: Berserk           |       |     2 ||     2
       Trog's Hand       |       |     1 ||     1
  Use: Potion            |     3 |     4 ||     7
 Stab: Sleeping          |     1 |       ||     1
  Eat: Chunk             |       |     7 ||     7
Armor: Chain mail        |    42 |    52 ||    94
Dodge: Dodged            |    38 |    45 ||    83
